 Dungeon Crawl Stone Soup version 0.19.0-1-g5985abe (webtiles) character file.

1520 lorenzova the Thaumaturge (level 8, -3/41 HPs)
             Began as a Deep Elf Conjurer on Nov 2, 2016.
             Was a Follower of Vehumet.
             Slain by a kobold
             ... wielding a +2 short sword of electrocution
              (17 damage)
             ... on level 6 of the Dungeon.
             The game lasted 00:16:59 (7363 turns).

lorenzova the Thaumaturge (Deep Elf Conjurer)       Turns: 7363, Time: 00:16:59

Health: -3/41      AC:  4    Str:  5    XL:     8   Next: 54%
Magic:  18/23      EV: 12    Int: 23    God:    Vehumet [*.....]
Gold:   281        SH:  0    Dex: 15    Spells: 6 memorised, 8 levels left

rFire  . . .     SeeInvis .     e - +1 dagger (venom)
rCold  . . .     Gourm    +     z - +1 leather armour {MR+}
rNeg   . . .     Faith    .     (no shield)
rPois  .         Spirit   .     (no helmet)
rElec  .         Reflect  .     (no cloak)
rCorr  .         Harm     .     (no gloves)
MR     +....                    (no boots)
Stlth  ++........               f - amulet of the gourmand
                                (no ring)
                                (no ring)

@: no status effects
A: no striking features
a: Renounce Religion


You were on level 6 of the Dungeon.
You worshipped Vehumet.
Vehumet was aware of your devotion.
You were very full.

You visited 2 branches of the dungeon, and saw 7 of its levels.

You collected 281 gold pieces.

Inventory:

Hand Weapons
 e - a +1 dagger of venom (weapon)
Armour
 v - a +0 buckler
 z - a +1 leather armour of magic resistance (worn)
Jewellery
 f - an amulet of the gourmand (around neck)
Wands
 y - a wand of lightning (9/15)
Scrolls
 k - a scroll of blinking {unknown}
 o - a scroll of random uselessness {unknown}
 r - 2 scrolls of enchant armour
 w - a scroll of remove curse
Potions
 h - a potion of brilliance
 j - a potion of haste
 l - 2 potions of invisibility
 m - a potion of curing {unknown}
 n - a potion of degeneration {unknown}
 p - 2 potions of agility {unknown}
 s - 2 potions of cure mutation {unknown}
 u - a potion of resistance {unknown}
 x - a potion of magic {unknown}
Books
 b - a book of Conjurations

   Spells                             Type                      Level
   a - Magic Dart                     Conjuration                  1
   b - Searing Ray                    Conjuration                  2
   c - Dazzling Spray                 Conjuration/Hexes            3
   d - Fulminant Prism                Conjuration/Hexes            4
   e - Iskenderun's Mystic Blast      Conjuration                  4
   f - Iskenderun's Battlesphere      Conjuration/Charms           5
 t - a book of Minor Magic

   Spells                             Type                      Level
   a - Magic Dart                     Conjuration                  1
   b - Blink                          Translocation                2
   c - Call Imp                       Summoning                    2
   d - Repel Missiles                 Charms/Air                   2
   e - Slow                           Hexes                        2
   f - Conjure Flame                  Conjuration/Fire             3
   g - Mephitic Cloud                 Conjuration/Poison/Air       3
Comestibles
 c - 5 bread rations
 d - 2 slices of pizza
 q - 2 beef jerkies


   Skills:
 - Level 2.4 Dodging
 - Level 2.4 Stealth
 + Level 9.2 Spellcasting
 + Level 8.7 Conjurations
 + Level 6.8 Charms


You had 8 spell levels left.
You knew the following spells:

 Your Spells              Type           Power        Failure   Level  Hunger
a - Magic Dart            Conj           ####         1%          1    None
b - Iskenderun's Battles  Conj/Chrm      #####...     12%         5    ####...
c - Iskenderun's Mystic   Conj           ######..     2%          4    ##.....
f - Conjure Flame         Conj/Fire      ####....     6%          3    None
h - Repel Missiles        Chrm/Air       ####..       4%          2    None
p - Blink                 Tloc           N/A          17%         2    None


Dungeon Overview and Level Annotations

Branches:
Dungeon (6/15)             Temple (1/1) D:4

Altars:
Ashenzari
Cheibriados
Dithmenos
Elyvilon
Fedhas
Gozag
Hepliaklqana
Kikubaaqudgha
Makhleb
Nemelex Xobeh
Okawaru
Qazlal
Ru
Sif Muna
Trog
Uskayaw
Vehumet
Xom
Yredelemnul
Zin
The Shining One


Message History

The kobold hits you but does no damage.
Casting: Magic Dart
Confirm with . or Enter, or press ? or * to list all spells.
Aiming: Magic Dart
Press: ? - help, Shift-Dir - straight line, f - kobold
Aim: a kobold, wielding a short sword of electrocution The magic dart hits the kobold.
The kobold is severely wounded.
The kobold hits you with a short sword of electrocution.
You are electrocuted!
Casting: Magic Dart
Confirm with . or Enter, or press ? or * to list all spells.
Aiming: Magic Dart
Press: ? - help, Shift-Dir - straight line, f/p - kobold
Aim: a kobold, wielding a short sword of electrocution (severely wounded)
The magic dart hits the kobold.
The kobold is severely wounded.
The kobold hits you with a short sword of electrocution.
You are electrocuted!
You die...

#.........K...####..
#......o...........
#.#.........#######
#.........#.#
##.##...###.#
#.##...# #.#
#.###.## #.# #K# #.#
#.# ...###@###.# #..
#...††).h...########
###.................
##################


You could see a jackal and a kobold.

Vanquished Creatures
  The ghost of Rationalist the Chopper, an amateur DsGl (D:4)
  Duvessa (D:4)
  Edmund (D:5)
  A phantom (D:5)
  2 sky beasts (D:5)
  An ogre (D:3)
  Dowan (D:5)
  The ghost of Dustman the Slasher, a weakling HuGl (D:3)
  3 hounds
  4 orc priests
  An iguana (D:5)
  2 orc wizards (D:5)
  4 worker ants
  2 hound skeletons
  9 adders
  3 gnolls (D:3)
  2 oozes (D:3)
  2 adder skeletons
  5 worms
  A dart slug (D:3)
  3 leopard geckos
  16 orcs
  3 giant cockroaches
  5 goblins
  6 hobgoblins
  3 jackals (D:6)
  8 kobolds
  2 quokkas
  2 ball pythons
  10 bats
  10 frilled lizards
  13 rats
128 creatures vanquished.

Notes
Turn   | Place    | Note
-------+----------+-------------------------------------------
     0 | D:1      | lorenzova the Deep Elf Conjurer began the quest for the Orb.
     0 | D:1      | Reached XP level 1. HP: 10/10 MP: 6/6
   249 | D:1      | Reached XP level 2. HP: 15/15 MP: 6/8
   501 | D:1      | Reached skill level 5 in Conjurations
   761 | D:2      | Reached XP level 3. HP: 19/19 MP: 7/10
   860 | D:2      | Reached skill level 4 in Spellcasting
  1655 | D:3      | Reached XP level 4. HP: 24/24 MP: 10/12
  1661 | D:3      | Learned a level 4 spell: Iskenderun's Mystic Blast
  1757 | D:3      | Noticed an ogre
  1768 | D:3      | Killed an ogre
  1768 | D:3      | Reached skill level 5 in Spellcasting
  1768 | D:3      | Reached XP level 5. HP: 28/28 MP: 5/14
  1833 | D:3      | Noticed Dustman's ghost (weakling HuGl)
  1837 | D:3      | Killed Dustman's ghost
  2292 | D:3      | Reached skill level 6 in Spellcasting
  2537 | D:3      | Noticed a moth of wrath
  2540 | D:3      | Found a bloodstained altar of Trog.
  2718 | D:3      | Reached XP level 6. HP: 32/32 MP: 11/17
  3279 | D:3      | Learned a level 5 spell: Iskenderun's Battlesphere
  3937 | D:4      | Noticed Rationalist's ghost (amateur DsGl)
  4091 | D:4      | Found a staircase to the Ecumenical Temple.
  4168 | Temple   | Entered the Ecumenical Temple
  4301 | Temple   | Became a worshipper of Vehumet
  4672 | D:5      | Entered Level 5 of the Dungeon
  4675 | D:5      | Found a shattered altar of Ashenzari.
  4682 | D:5      | Found a basalt altar of Yredelemnul.
  4682 | D:5      | Found a hazy altar of Hepliaklqana.
  4688 | D:5      | Noticed Edmund
  4695 | D:5      | Killed Edmund
  4790 | D:5      | Noticed a sky beast
  4796 | D:5      | Killed a sky beast
  4796 | D:5      | Reached skill level 7 in Spellcasting
  4796 | D:5      | Reached XP level 7. HP: 26/36 MP: 5/19
  5199 | D:5      | Noticed Dowan
  5202 | D:5      | Killed Dowan
  5203 | D:5      | Noticed Duvessa
  5574 | D:4      | Killed Rationalist's ghost
  5574 | D:4      | Reached skill level 8 in Spellcasting
  5868 | D:4      | Killed Duvessa
  5868 | D:4      | Reached skill level 5 in Charms
  5868 | D:4      | Reached XP level 8. HP: 38/41 MP: 3/22
  6844 | D:5      | Reached skill level 9 in Spellcasting
  6915 | D:5      | Reached * piety under Vehumet
  6915 | D:5      | Offered knowledge of Sting by Vehumet.
  6988 | D:5      | Learned a level 2 spell: Repel Missiles
  6991 | D:5      | Learned a level 2 spell: Blink
  6995 | D:5      | Learned a level 3 spell: Conjure Flame
  7363 | D:6      | Slain by a kobold

Skill      XL: |  1  2  3  4  5  6  7  8 |
---------------+-------------------------+-----
Conjurations   | 5 6 7 8 |  8.7
Spellcasting   | 4 5 6 7 8 9 |  9.2
Charms         | 2 5 6 |  6.8
Dodging        | |  2.4
Stealth        | |  2.4

Action                   |  1- 3 |  4- 6 |  7- 9 || total
-------------------------+-------+-------+-------++-------
 Cast: Magic Dart        |    77 |   132 |   107 ||   316
       Iskenderun's Myst |       |    10 |    27 ||    37
       Iskenderun's Batt |       |       |     3 ||     3
       Conjure Flame     |       |       |     2 ||     2
  Use: Scroll            |       |       |     6 ||     6
  Eat: Chunk             |    11 |     5 |    17 ||    33
Armor: Robe              |     2 |     1 |     1 ||     4
       Leather armour    |       |       |     3 ||     3
Dodge: Dodged            |     7 |     4 |    26 ||    37
